[Event "Titled Tuesday Blitz July 26 Late 2022"]
[White "Suleymanli, Aydin"]
[Black "Perez Leiva, Jerzy Jesus"]
[WhiteFideId "13413937"]
[BlackFideId "3524337"]
[WhiteElo "2481"]
[BlackElo "2287"]
[Result "1-0"]
[Round "01"]
[TimeControl "180+1"]
[Date "2022.07.26"]
[WhiteClock "0:00:13"]
[BlackClock "0:00:02"]

1. e4 e5 2. Nf3 Nc6 3. Bc4 Bc5 4. d3 Nf6 5. O-O d6 6. c3 a6 7. a4 O-O 8. b4 Ba7 9. Nbd2 Ne7 10. Re1 Ng6 11. Nf1 h6 12. Be3 Bxe3 13. Nxe3 c6 14. Bb3 a5 15. b5 Re8 16. g3 Qc7 17. Rc1 Bd7 18. c4 Rad8 19. h4 Bc8 20. Qd2 Nf8 21. c5 dxc5 22. bxc6 b6 23. Qc3 Be6 24. Bc4 Bxc4 25. Nxc4 Ne6 26. Rb1 Rb8 27. Qxe5 Qxc6 28. Qa1 Ng4 29. Rb3 Qc7 30. Reb1 Nd8 31. Nxb6 Qc6 32. Nd5 Rxb3 33. Rxb3 Qg6 34. Rb6 Ne6 35. Ne5 Qh5 36. Nd7 Rd8 37. Nf4 Rf8 38. Nxh5 1-0


[Site "https://www.chess.com"]

[Event "Titled Tuesday Blitz July 26 Late 2022"]
[White "Tatarinov, Dmitry"]
[Black "Gatterer, Florian"]
[WhiteFideId "24160067"]
[BlackFideId "811688"]
[WhiteElo "2302"]
[BlackElo "2218"]
[Result "1-0"]
[Round "01"]
[TimeControl "180+1"]
[Date "2022.07.27"]
[WhiteClock "0:00:22"]
[BlackClock "0:00:01"]

1. d4 d5 2. c4 e6 3. Nc3 c5 4. cxd5 cxd4 5. Qxd4 Nc6 6. Qa4 exd5 7. Nf3 d4 8. Ne4 Bb4+ 9. Bd2 Bxd2+ 10. Nexd2 Nf6 11. g3 Be6 12. Bg2 O-O 13. O-O Qb6 14. Nb3 Rfd8 15. Rfd1 Rac8 16. Rac1 Bxb3 17. axb3 h6 18. Ne1 Nd5 19. Nd3 a6 20. h4 Kh8 21. Rc4 Qb5 22. Rdc1 Qxa4 23. bxa4 Rb8 24. Nc5 Nb6 25. Nxa6 Nxc4 26. Nxb8 Nxb2 27. Nxc6 bxc6 28. a5 Ra8 29. Ra1 Ra6 30. Be4 Nc4 31. Rc1 Nxa5 32. Ra1 Ra7 33. h5 Kg8 34. Rb1 Kf8 35. Rb8+ Ke7 36. Kg2 Kd6 37. Rg8 f6 38. Kf3 c5 39. Kf4 c4 40. Rd8+ Kc5 41. Rd5+ Kb4 42. Rxd4 Kb3 43. Kf5 c3 44. Kg6 c2 45. Bxc2+ Kxc2 46. Rd8 Nb3 47. Rg8 Nd4 48. Rxg7 Rxg7+ 49. Kxg7 Nxe2 50. Kxh6 Kd3 51. Kg6 1-0


[Site "https://www.chess.com"]

[Event "Titled Tuesday Blitz July 26 Late 2022"]
[White "Tymrakiewicz, Rafal"]
[Black "Hakobyan, Aram"]
[WhiteFideId "1108832"]
[BlackFideId "13306677"]
[WhiteElo "2205"]
[BlackElo "2557"]
[Result "0-1"]
[Round "01"]
[TimeControl "180+1"]
[Date "2022.07.26"]
[WhiteClock "0:01:03"]
[BlackClock "0:02:09"]

1. d4 Nf6 2. Bg5 d5 3. e3 c5 4. c3 Nc6 5. Nd2 cxd4 6. exd4 Bf5 7. Ngf3 e6 8. Qb3 a6 9. a4 Na5 10. Qa2 Be7 11. Be2 O-O 12. b4 Nc6 13. a5 Rc8 14. O-O h6 15. Bh4 Ne4 16. Bxe7 Nxe7 17. Nxe4 dxe4 18. Ne5 Rxc3 19. Rfd1 Nd5 20. b5 e3 21. f3 Nf4 22. Rac1 Rxc1 23. Rxc1 Qxd4 24. Nc4 axb5 25. Nb6 Qd2 26. Qxd2 exd2 27. Rd1 Nxe2+ 28. Kf2 Nc3 29. Rxd2 b4 30. Rd4 b3 31. Rb4 b2 0-1


[Site "https://www.chess.com"]

[Event "Titled Tuesday Blitz July 26 Late 2022"]
[White "Ulasevich, Sergei"]
[Black "Pinheiro, Iung Alicio de O."]
[WhiteFideId "13505629"]
[BlackFideId "2104350"]
[WhiteElo "2151"]
[BlackElo "2283"]
[Result "1-0"]
[Round "01"]
[TimeControl "180+1"]
[Date "2022.07.27"]
[WhiteClock "0:00:17"]
[BlackClock "0:00:04"]

1. d4 Nf6 2. Nc3 d5 3. Bf4 g6 4. h4 h5 5. e3 Bg7 6. Nf3 O-O 7. Ne5 c5 8. Be2 cxd4 9. exd4 Nc6 10. Qd2 Nd7 11. Nxc6 bxc6 12. g4 hxg4 13. h5 e5 14. Bh6 Bxh6 15. Qxh6 g5 16. dxe5 Nxe5 17. O-O-O f5 18. f4 gxf3 19. Rhg1 g4 20. Bxf3 Qf6 21. Qxf6 Rxf6 22. Nxd5 Rf7 23. Bg2 Rb8 24. Nf4 Kg7 25. Rd8 Rfb7 26. b3 Nf7 27. Rd2 Rb4 28. Rf1 Kf6 29. c3 R4b6 30. h6 Nxh6 31. Rd6+ Kg5 32. Rg6+ Kh4 33. Rxh6+ Kg3 34. Rxc6 Ba6 35. c4 Rxc6 36. Bxc6 Rh8 37. Ne2+ Kh2 38. Rxf5 g3 39. Rg5 Rh3 40. Kd2 Bc8 41. Ke3 g2+ 42. Kf2 1-0


[Site "https://www.chess.com"]

[Event "Titled Tuesday Blitz July 26 Late 2022"]
[White "Vagman, Roy"]
[Black "Fedoseev, Vladimir"]
[WhiteFideId "2828995"]
[BlackFideId "24130737"]
[WhiteElo "1956"]
[BlackElo "2726"]
[Result "0-1"]
[Round "01"]
[TimeControl "180+1"]
[Date "2022.07.26"]
[WhiteClock "0:00:03"]
[BlackClock "0:00:15"]

1. d4 Nf6 2. c4 e6 3. g3 d5 4. Bg2 Bb4+ 5. Nd2 O-O 6. Nf3 dxc4 7. Qc2 b5 8. a4 Bb7 9. axb5 Qd5 10. O-O Qxb5 11. Qxc4 a6 12. Ne5 Bxg2 13. Kxg2 Nbd7 14. Ndf3 Nxe5 15. Nxe5 Bd6 16. Rd1 Bxe5 17. Qxb5 axb5 18. Rxa8 Rxa8 19. dxe5 Nd5 20. e4 Nb4 21. Rd7 Rc8 22. Be3 h6 23. f4 c5 24. Rb7 Nc2 25. Bf2 b4 26. f5 c4 27. Kf3 c3 28. bxc3 bxc3 29. Ke2 Na3 30. Be3 Nc4 31. Bc1 Nxe5 32. fxe6 fxe6 33. Re7 Nc6 34. Rd7 e5 35. Kd3 Nb4+ 36. Ke2 Na2 37. Kd1 c2+ 38. Kd2 Rc4 39. Ra7 Nxc1 40. Kxc1 Rxe4 41. Kxc2 Re2+ 42. Kd3 Rxh2 43. Ke4 Re2+ 44. Kf5 Re3 45. g4 Kh7 46. Re7 e4 47. Kf4 Re1 48. Rxe4 Rxe4+ 49. Kxe4 Kg6 50. Kf4 Kf6 51. Kf3 Kg5 52. Kg3 g6 53. Kh3 Kf4 54. Kh4 Kf3 55. g5 h5 56. Kh3 Kf4 57. Kh4 Kf5 58. Kh3 Kxg5 59. Kg3 h4+ 0-1


[Site "https://www.chess.com"]

[Event "Titled Tuesday Blitz July 26 Late 2022"]
[White "Voege, Tobias"]
[Black "Riehle, Marco"]
[WhiteFideId "1270513"]
[BlackFideId "12904392"]
[WhiteElo "2379"]
[BlackElo "2462"]
[Result "0-1"]
[Round "01"]
[TimeControl "180+1"]
[Date "2022.07.26"]
[WhiteClock "0:00:14"]
[BlackClock "0:01:29"]

1. d4 d5 2. c4 e6 3. Nc3 c5 4. Nf3 cxd4 5. Nxd4 e5 6. Ndb5 a6 7. Qa4 Bd7 8. Nxd5 Bxb5 9. cxb5 Qxd5 10. e4 Qd4 11. Qxd4 exd4 12. Bd2 Nf6 13. bxa6 bxa6 14. f3 Bd6 15. Bc4 O-O 16. O-O Nbd7 17. Rad1 Rab8 18. b3 Rb6 19. g4 h6 20. Ba5 Rc6 21. Kg2 Ne5 22. Rxd4 Nxc4 23. Rxc4 Rxc4 24. bxc4 Rc8 25. Rc1 Nd7 26. Rd1 Rc6 27. f4 f6 28. Kf3 g5 29. e5 fxe5 30. fxg5 hxg5 31. Bd8 Kf7 32. Bxg5 Ke6 33. Rc1 Rc8 34. h4 Rf8+ 35. Ke2 e4 36. h5 Ne5 37. c5 Bc7 38. Rg1 Nf3 39. Bh6 Nxg1+ 40. Ke3 Rh8 41. g5 Kf5 0-1


[Site "https://www.chess.com"]

[Event "Titled Tuesday Blitz July 26 Late 2022"]
[White "Wagner, Dennis"]
[Black "Malicka, Maria"]
[WhiteFideId "24650684"]
[BlackFideId "1197576"]
[WhiteElo "2355"]
[BlackElo "1822"]
[Result "1-0"]
[Round "01"]
[TimeControl "180+1"]
[Date "2022.07.27"]
[WhiteClock "0:00:07"]
[BlackClock "0:00:49"]

1. e4 c5 2. Nf3 d6 3. d4 cxd4 4. Nxd4 Nf6 5. Nc3 a6 6. Be3 e6 7. Be2 Be7 8. f4 Qc7 9. a3 b5 10. g4 Bb7 11. Bf3 Nc6 12. g5 Nd7 13. Nxc6 Qxc6 14. Qe2 Nb6 15. O-O-O Nc4 16. Rd3 Rc8 17. h4 a5 18. Kb1 b4 19. axb4 axb4 20. Na2 Qa4 21. Rd4 Ba6 22. Qe1 b3 23. cxb3 Qxb3 24. Rh2 Qxe3 25. Qxe3 Nxe3 26. Nc3 Nc4 27. Be2 O-O 28. h5 e5 29. Nd5 exd4 30. Nxe7+ Kh8 31. Nxc8 Rxc8 32. h6 g6 33. b3 Nd2+ 34. Kb2 Bxe2 35. Rxe2 Nf1 36. Rf2 Ne3 37. Rd2 d5 38. Rxd4 dxe4 39. Rxe4 Nf5 40. b4 Kg8 41. Kb3 Kf8 42. b5 Nd6 43. Re5 Rc4 44. Rd5 Rxf4 45. Rxd6 Rf5 46. Kb4 Rxg5 47. b6 Rg1 48. Rd3 Ra1 49. b7 1-0


[Site "https://www.chess.com"]

[Event "Titled Tuesday Blitz July 26 Late 2022"]
[White "Zhigalko, Sergei"]
[Black "Karas, Marek"]
[WhiteFideId "13502956"]
[BlackFideId "14928558"]
[WhiteElo "2662"]
[BlackElo "2250"]
[Result "0-1"]
[Round "01"]
[TimeControl "180+1"]
[Date "2022.07.26"]
[WhiteClock "0:00:01"]
[BlackClock "0:00:07"]

1. e4 e6 2. d4 d5 3. e5 c5 4. c3 Nc6 5. Nf3 Qb6 6. a3 c4 7. Nbd2 Bd7 8. b3 cxb3 9. Nxb3 Nge7 10. Nc5 Bc8 11. Bd3 Ng6 12. Rb1 Qc7 13. Nb3 Be7 14. h4 h6 15. Bxg6 fxg6 16. Qd3 Kf7 17. Rh3 Bf8 18. h5 g5 19. Nh2 Kg8 20. f4 gxf4 21. Bxf4 Qf7 22. Qe3 Qf5 23. Rd1 Qc2 24. Nd2 Bd7 25. Ng4 Ne7 26. Qf3 Ba4 27. Nf2 Nc6 28. Rg3 Rh7 29. Rb1 Rb8 30. Ng4 Kh8 31. Qe2 Na5 32. Ra1 Qb2 33. Rb1 Qc2 34. Ne3 Qa2 35. Rc1 Qxa3 36. Rb1 Qa2 37. Rc1 Ba3 38. Rb1 Nb3 39. Qd3 Nxd2 40. Rd1 Ne4 41. Rf3 Bxd1 42. Nxd1 Rf8 43. g3 Kg8 44. Re3 Qg2 0-1


[Site "https://www.chess.com"]

[Event "Titled Tuesday Blitz July 26 Late 2022"]
[White "Zhu, Jiner"]
[Black "Medeiros Jr, Francisco De Assis"]
[WhiteFideId "8608059"]
[BlackFideId "2114267"]
[WhiteElo "2281"]
[BlackElo "2020"]
[Result "1-0"]
[Round "01"]
[TimeControl "180+1"]
[Date "2022.07.27"]
[WhiteClock "0:00:05"]
[BlackClock "0:00:02"]

1. e4 c6 2. d4 d5 3. exd5 cxd5 4. Bd3 Nc6 5. c3 g6 6. Nf3 Bg7 7. O-O Qc7 8. Re1 Nf6 9. Nbd2 O-O 10. h3 Rb8 11. Nf1 Bf5 12. Bxf5 gxf5 13. Ne5 e6 14. Bf4 Qb6 15. Nxc6 bxc6 16. Bxb8 Rxb8 17. b4 Ne4 18. Qf3 Qc7 19. a3 Kh8 20. Ng3 Rg8 21. Nh5 Bh6 22. Kh1 Nd2 23. Qe2 Ne4 24. f3 Nxc3 25. Qd3 Nb5 26. a4 Nd6 27. b5 Nc4 28. bxc6 Qxc6 29. Rab1 Qxa4 30. Rb7 Nd6 31. Rb2 Qc4 32. Rd1 a5 33. Rc2 Qxd3 34. Rxd3 Nc4 35. Ra2 a4 36. Rd1 a3 37. Rb1 Be3 38. Rb7 Rf8 39. g4 fxg4 40. hxg4 Bxd4 41. Kg2 Kg8 42. Kf1 Bb2 43. Ke2 Nd6 44. Rd7 Nb5 45. Kd3 Nc3 46. Rxa3 Bxa3 47. Kxc3 Bc5 48. Kd3 Ba3 49. Ra7 Bb2 50. Rb7 Bg7 51. Ke3 Rc8 52. g5 Rc3+ 53. Kf4 Rc8 54. Kg4 Re8 55. Rd7 Rc8 56. f4 Rb8 57. Kh4 Ra8 58. Kg4 Re8 59. Kh4 Bd4 60. Kg4 Bc3 61. Kf3 Bh8 62. Kg4 Rc8 63. Kh4 Rb8 64. Kg4 Ra8 65. Kh4 Rf8 66. Kg4 Re8 67. Kh4 Ra8 68. Kg4 Bg7 69. Kf3 Kf8 70. Kg4 Bd4 71. f5 exf5+ 72. Kxf5 Re8 73. Rxd5 Bg7 74. Rd7 Kg8 75. Rb7 Bd4 76. Kf4 Be5+ 77. Kf5 Bg7 78. Rd7 Re5+ 79. Kf4 Re8 80. Rb7 Be5+ 81. Kf5 Bg7 82. Kg4 Re4+ 83. Kf3 Re8 84. Ng3 Rc8 85. Nf5 Rc3+ 86. Ke4 Rc4+ 87. Kd5 Rf4 88. Rb8+ Bf8 89. Ke5 Rf1 90. Kf6 Rxf5+ 91. Kxf5 Kg7 92. Rc8 Bd6 93. Ra8 Be7 94. Ra6 Bd8 95. Rc6 Be7 96. Rc7 Bb4 97. Rd7 Bc3 98. Rb7 Bd4 99. Kg4 Be5 100. Kh5 Bd6 101. Rb5 Bf8 102. Rd5 Be7 103. Rd7 Bf8 104. Kg4 Kg8 105. Kf5 Bg7 106. Rb7 Bf8 107. Kf6 Bg7+ 108. Ke7 Bf8+ 109. Ke8 Bg7 110. Rxf7 Bd4 111. Rf5 Be3 112. Ke7 Kg7 113. Re5 Bf4 114. Rf5 Be3 115. Ke6 Kg6 116. Ke5 Bxg5 117. Ke4 h6 118. Rb5 Bf6 119. Rb6 Kg5 120. Rc6 Bg7 121. Rc2 Bf6 122. Rg2+ Kh5 123. Kf5 Bg5 124. Rh2+ Bh4 125. Kf4 Kg6 126. Rxh4 1-0


[Site "https://www.chess.com"]

[Event "Titled Tuesday Blitz July 26 Late 2022"]
[White "Agasarov, Benik"]
[Black "Paravyan, David"]
[WhiteFideId "13314823"]
[BlackFideId "4194985"]
[WhiteElo "2614"]
[BlackElo "2569"]
[Result "1/2-1/2"]
[Round "02"]
[TimeControl "180+1"]
[Date "2022.07.26"]
[WhiteClock "0:01:01"]
[BlackClock "0:00:29"]

1. e4 e5 2. Nf3 Nf6 3. Nxe5 d6 4. Nc4 Nxe4 5. Qe2 Qe7 6. Ne3 c6 7. d3 Nf6 8. d4 g6 9. g3 Bg7 10. Bg2 O-O 11. O-O Re8 12. c3 d5 13. Nd2 b6 14. Re1 Ba6 15. Qd1 Qf8 16. Nc2 Nbd7 17. Nb4 Bb7 18. a4 a5 19. Nd3 Ba6 20. Ne5 Nxe5 21. dxe5 Nd7 22. f4 Nc5 23. Nf3 Nd3 24. Re3 Nxc1 25. Rxc1 f6 26. Nd4 fxe5 27. Nxc6 exf4 28. Qxd5+ Kh8 29. Rxe8 Rxe8 30. Nd4 Qe7 31. Qf3 fxg3 32. hxg3 Rf8 33. Qe4 Qg5 34. Qe1 Bc4 35. Rc2 h5 36. Rf2 Rxf2 37. Qxf2 Kh7 38. Kh2 Bg8 39. Nf3 Qc1 40. Qxb6 Bd5 41. Nh4 Bf7 42. Nf3 Bd5 43. Nh4 Bf7 44. Nf3 Kh6 45. Qxa5 Qxb2 46. Qg5+ Kh7 47. Qf4 Kg8 48. c4 Bf6 49. c5 Kg7 50. c6 Qc2 51. c7 Bd5 52. a5 Bxf3 53. Qxf3 Qxc7 54. a6 Bd4 55. Qb7 Qxb7 56. Bxb7 Kf6 57. Kg2 Ba7 58. Kf3 Kg5 59. Bc8 Kf6 60. Bb7 Ke5 61. Bc8 g5 62. Bd7 g4+ 63. Kg2 Kf6 64. Be8 Kg5 65. Bf7 Bb8 66. Be8 Ba7 67. Bf7 h4 68. gxh4+ Kxh4 69. Be6 Kg5 70. Bxg4 Kxg4 71. Kf1 Kf4 72. Ke2 Ke4 73. Kd2 Kd4 74. Kc2 Kc4 75. Kd2 Kb5 76. Kd3 Kxa6 1/2-1/2


[Site "https://www.chess.com"]

[Event "Titled Tuesday Blitz July 26 Late 2022"]
[White "Andreikin, Dmitry"]
[Black "Rosen, Eric"]
[WhiteFideId "4158814"]
[BlackFideId "2032562"]
[WhiteElo "2736"]
[BlackElo "2362"]
[Result "1-0"]
[Round "02"]
[TimeControl "180+1"]
[Date "2022.07.26"]
[WhiteClock "0:01:36"]
[BlackClock "0:00:07"]

1. d4 d5 2. c4 e6 3. Nf3 Nf6 4. g3 h6 5. Bg2 Bd6 6. c5 Be7 7. O-O b6 8. cxb6 axb6 9. Nc3 O-O 10. Ne5 Nfd7 11. Bf4 Nxe5 12. Bxe5 Bb7 13. Rc1 c5 14. e4 dxe4 15. Qg4 Bf6 16. Bxe4 Bxe4 17. Nxe4 Nd7 18. Nxf6+ Nxf6 19. Qh4 Rxa2 20. dxc5 bxc5 21. Rxc5 Nd7 22. Qxd8 Rxd8 23. Rd1 Nxc5 24. Rxd8+ Kh7 25. b4 Ne4 26. b5 Ra5 27. b6 Rxe5 28. b7 Rb5 29. b8=Q Rxb8 30. Rxb8 Kg6 31. Kg2 f6 32. Rb7 e5 33. g4 Ng5 34. h4 Ne6 35. Kf3 h5 36. gxh5+ Kxh5 37. Re7 Nd4+ 38. Ke4 Kg6 39. f4 Nf5 40. h5+ Kxh5 41. Kxf5 exf4 42. Rxg7 f3 43. Rh7# 1-0


[Site "https://www.chess.com"]

[Event "Titled Tuesday Blitz July 26 Late 2022"]
[White "Aravindh, Chithambaram VR."]
[Black "Lewtak, Damian"]
[WhiteFideId "5072786"]
[BlackFideId "1141724"]
[WhiteElo "2577"]
[BlackElo "2359"]
[Result "1-0"]
[Round "02"]
[TimeControl "180+1"]
[Date "2022.07.26"]
[WhiteClock "0:00:44"]
[BlackClock "0:00:18"]

1. e3 b6 2. Nf3 Bb7 3. c4 e6 4. b3 c5 5. Bb2 Nf6 6. Rg1 d5 7. g4 h6 8. h4 Nc6 9. cxd5 Nxd5 10. a3 Rg8 11. Nc3 Nxc3 12. Bxc3 Ne7 13. Ne5 a6 14. g5 hxg5 15. hxg5 Nc6 16. Bg2 Qc7 17. Qf3 Nxe5 18. Qxb7 Qxb7 19. Bxb7 Ra7 20. Be4 Ng6 21. Ke2 Bd6 22. f4 Ne7 23. Bh7 Rh8 24. Rh1 Kf8 25. Be4 Rxh1 26. Rxh1 g6 27. Rh8+ Ng8 28. Rh7 Rd7 29. Bxg6 Ke8 30. Bh5 Kf8 31. g6 1-0


[Site "https://www.chess.com"]

[Event "Titled Tuesday Blitz July 26 Late 2022"]
[White "Barria Zuniga, Daniel"]
[Black "Naroditsky, Daniel"]
[WhiteFideId "3400816"]
[BlackFideId "2026961"]
[WhiteElo "2414"]
[BlackElo "2608"]
[Result "0-1"]
[Round "02"]
[TimeControl "180+1"]
[Date "2022.07.26"]
[WhiteClock "0:00:05"]
[BlackClock "0:00:22"]

1. c4 e5 2. g3 c6 3. Bg2 d5 4. cxd5 cxd5 5. d4 e4 6. Nh3 h6 7. O-O Nf6 8. Nc3 Nc6 9. Bf4 Be6 10. Be5 Bd6 11. Bxf6 Qxf6 12. e3 O-O 13. f3 exf3 14. Qxf3 Qxf3 15. Rxf3 Rfe8 16. Nf4 Bg4 17. Nfxd5 Bxf3 18. Bxf3 Rad8 19. Kf2 Bb8 20. Rc1 a6 21. b4 Ba7 22. a4 Rc8 23. b5 axb5 24. Nxb5 Bb8 25. Rb1 Na5 26. Nbc3 Nc4 27. Rxb7 Bd6 28. Nb5 Bf8 29. Nbc7 Red8 30. Be2 Nd6 31. Rb2 Ne4+ 32. Kf3 Ng5+ 33. Kf2 Bd6 34. Rb7 Rd7 35. Bg4 Rcxc7 36. Nxc7 Rxc7 37. Rxc7 Bxc7 38. Ke2 Kf8 39. Kd3 Ke7 40. e4 Ne6 41. h4 Bxg3 42. h5 Bf2 43. Bxe6 fxe6 44. a5 e5 45. dxe5 Ke6 0-1


[Site "https://www.chess.com"]

[Event "Titled Tuesday Blitz July 26 Late 2022"]
[White "Blanco Ronquillo, Humberto L."]
[Black "Grischuk, Alexander"]
[WhiteFideId "3504239"]
[BlackFideId "4126025"]
[WhiteElo "2423"]
[BlackElo "2762"]
[Result "0-1"]
[Round "02"]
[TimeControl "180+1"]
[Date "2022.07.26"]
[WhiteClock "0:00:01"]
[BlackClock "0:00:06"]

1. e4 e6 2. d4 d5 3. Nd2 c5 4. exd5 Qxd5 5. Ngf3 cxd4 6. Bc4 Qd6 7. O-O Nf6 8. Nb3 Nc6 9. Nbxd4 Nxd4 10. Qxd4 Qxd4 11. Nxd4 Bd7 12. Be2 Bc5 13. Nb3 Bb6 14. Bf3 Rc8 15. c3 Bc6 16. Bxc6+ Rxc6 17. Bg5 Nd5 18. Rad1 f6 19. Bc1 Kf7 20. Nd4 Bxd4 21. Rxd4 b5 22. Rfd1 Rhc8 23. a3 a5 24. Be3 g5 25. Kf1 h5 26. Ke2 Kg6 27. f3 h4 28. Bf2 Nb6 29. Kd2 Nc4+ 30. Kc2 b4 31. axb4 axb4 32. Rd8 bxc3 33. Rxc8 Rxc8 34. bxc3 Kf5 35. Rd4 e5 36. Rd7 e4 37. fxe4+ Kxe4 38. Bd4 Ne5 39. Re7 Kf5 40. Bxe5 fxe5 41. Kd3 Ra8 42. Rf7+ Ke6 43. Rf2 Ra4 44. Rc2 Rf4 45. Ke3 Kd5 46. Rd2+ Ke6 47. g3 hxg3 48. hxg3 Rg4 49. Kf3 Rc4 50. Rc2 Kf5 51. Ke3 Re4+ 52. Kf3 g4+ 53. Kf2 Ke6 54. c4 Kd6 55. Rd2+ Kc5 56. Rc2 Rxc4 57. Re2 Kd5 58. Rd2+ Rd4 59. Ra2 Rd3 60. Ra5+ Ke4 61. Ra4+ Rd4 62. Ra8 Rd2+ 63. Ke1 Rg2 64. Ra4+ Kf5 65. Ra3 Rc2 66. Rb3 Ke4 67. Ra3 Rc4 68. Rb3 Rd4 69. Ke2 Ra4 70. Rc3 Ra2+ 71. Ke1 Ra4 72. Rb3 Kf5 73. Ke2 Re4+ 74. Kf2 Rd4 75. Ke2 Ke4 76. Kf2 Rd3 77. Rb4+ Rd4 78. Rb3 Rd2+ 79. Ke1 Rd3 80. Rb4+ Kf3 81. Rb5 e4 82. Re5 Ra3 83. Rf5+ Kxg3 84. Ke2 Rf3 85. Re5 Kg2 86. Rxe4 g3 87. Re8 Rf7 88. Rg8 Re7+ 89. Kd2 Kf2 90. Rf8+ Kg1 91. Rg8 g2 92. Rf8 Rh7 93. Ke2 Kh1 94. Rg8 g1=Q 95. Rxg1+ Kxg1 0-1


[Site "https://www.chess.com"]

[Event "Titled Tuesday Blitz July 26 Late 2022"]
[White "Cabarkapa, Novak"]
[Black "Sibilio, Mario"]
[WhiteFideId "943746"]
[BlackFideId "800422"]
[WhiteElo "2390"]
[BlackElo "2296"]
[Result "1-0"]
[Round "02"]
[TimeControl "180+1"]
[Date "2022.07.27"]
[WhiteClock "0:00:30"]
[BlackClock "0:00:02"]

1. e4 d6 2. d4 Nf6 3. f3 c5 4. dxc5 Qa5+ 5. Nc3 Qxc5 6. Qe2 Nbd7 7. Be3 Qa5 8. O-O-O a6 9. g4 h6 10. h4 g6 11. Nh3 e6 12. Nf4 Ne5 13. Qf2 Nfd7 14. Kb1 b5 15. Nce2 Nc4 16. Bc1 Bg7 17. Nd4 Nde5 18. Nb3 Qc7 19. Nd3 Bd7 20. Nxe5 Nxe5 21. Be2 a5 22. f4 Nc4 23. f5 Be5 24. fxg6 fxg6 25. Rhf1 O-O-O 26. Bxc4 bxc4 27. Nd4 Qb7 28. Qe2 Kb8 29. Qxc4 Rc8 30. Qb3 a4 31. Qxb7+ Kxb7 32. Rf7 Rc7 33. Be3 Rhc8 34. Rdf1 h5 35. gxh5 gxh5 36. Rh7 Bxd4 37. Bxd4 e5 38. Be3 Bg4 39. Rxc7+ Rxc7 40. b3 axb3 41. axb3 Kc6 42. Rf6 Rb7 43. Bc1 Kd7 44. Rf7+ Kc6 45. Rf6 Kd7 46. Ba3 Rb6 47. Kc1 Ke7 48. Rh6 Bf3 49. Kd2 Kd7 50. Ke3 Bd1 51. Kd2 Bf3 52. Kd3 Ra6 53. Bb4 Rb6 54. c3 1-0


[Site "https://www.chess.com"]

[Event "Titled Tuesday Blitz July 26 Late 2022"]
[White "Chiu, Isaac"]
[Black "Salem, A.R. Saleh"]
[WhiteFideId "30900654"]
[BlackFideId "9301348"]
[WhiteElo "2181"]
[BlackElo "2679"]
[Result "*"]
[Round "02"]
[TimeControl "180+1"]
[Date "2022.07.26"]
[WhiteClock "0:02:06"]
[BlackClock "0:02:13"]

1. c4 e6 2. Nf3 d5 3. g3 Nf6 4. Bg2 d4 5. O-O c5 6. e3 Nc6 7. exd4 cxd4 8. b3 Bd6 9. d3 O-O 10. Ba3 Bxa3 11. Nxa3 Re8 12. Re1 h6 13. Nc2 Qd6 14. a3 a5 15. Rb1 e5 16. b4 axb4 17. axb4 Bg4 18. b5 Na5 19. h3 Bf5 20. Qd2 Nd7 21. Nb4 Nc5 22. Kh2 Ncb3 *


[Site "https://www.chess.com"]

[Event "Titled Tuesday Blitz July 26 Late 2022"]
[White "Cremisi, Daniel"]
[Black "Bartholomew, John"]
[WhiteFideId "2089882"]
[BlackFideId "2019353"]
[WhiteElo "2172"]
[BlackElo "2753"]
[Result "0-1"]
[Round "02"]
[TimeControl "180+1"]
[Date "2022.07.27"]
[WhiteClock "0:01:47"]
[BlackClock "0:00:54"]

1. d4 d6 2. Nf3 Nf6 3. c4 Nbd7 4. Nc3 e5 5. e4 Be7 6. d5 Nc5 7. Qc2 a5 8. Be3 b6 9. Be2 O-O 10. O-O Ng4 11. Bd2 f5 12. Ne1 Nf6 13. f3 f4 14. Nd3 g5 15. a3 Nxd3 16. Bxd3 g4 17. b4 gxf3 18. gxf3 Bh3 19. Rfb1 Kh8 20. Kh1 Rg8 21. Bf1 Qd7 22. Qd3 Rg6 23. Bxh3 Qxh3 24. Rg1 Ng4 25. Qe2 Nxh2 26. Qxh2 Qxf3+ 27. Rg2 Rag8 28. Rg1 Rg3 0-1


[Site "https://www.chess.com"]

[Event "Titled Tuesday Blitz July 26 Late 2022"]
[White "Danielyan, Vahe"]
[Black "Melikyan, Gnel"]
[WhiteFideId "13304828"]
[BlackFideId "54109990"]
[WhiteElo "2419"]
[BlackElo "1772"]
[Result "1-0"]
[Round "02"]
[TimeControl "180+1"]
[Date "2022.07.27"]
[WhiteClock "0:01:00"]
[BlackClock "0:00:06"]

1. c4 Nf6 2. Nc3 g6 3. e4 d6 4. g3 Bg7 5. Bg2 O-O 6. Nge2 e5 7. d4 exd4 8. Nxd4 Re8 9. O-O c6 10. h3 Nbd7 11. Re1 a5 12. Bf4 Nc5 13. g4 Qc7 14. Qd2 Nfd7 15. Rad1 Ne5 16. b3 Ned3 17. Be3 Nxe1 18. Rxe1 Ne6 19. Nde2 Nc5 20. Rd1 Be6 21. f4 f5 22. gxf5 gxf5 23. e5 dxe5 24. Bxc5 Rad8 25. Bd6 Qb6+ 26. c5 Qb4 27. fxe5 Bxe5 28. Qg5+ Bg7 29. Rd4 h6 30. Qg3 f4 31. Rxf4 Qa3 32. Ne4 Kh8 33. Rf6 Bd5 34. Be5 Rxe5 35. Qxe5 Bxe4 36. Rxh6+ Bh7 37. Rxh7+ Kxh7 38. Be4+ Kh8 39. Qh5+ Kg8 40. Bh7+ Kh8 41. Bf5+ Kg8 42. Be6+ Kf8 43. Qf7# 1-0


[Site "https://www.chess.com"]

[Event "Titled Tuesday Blitz July 26 Late 2022"]
[White "Dev, Shah"]
[Black "Bortnyk, Mykola"]
[WhiteFideId "35019058"]
[BlackFideId "14120836"]
[WhiteElo "2048"]
[BlackElo "2582"]
[Result "1/2-1/2"]
[Round "02"]
[TimeControl "180+1"]
[Date "2022.07.26"]
[WhiteClock "0:00:51"]
[BlackClock "0:00:49"]

1. d4 d5 2. c4 e6 3. g3 Nf6 4. Bg2 dxc4 5. Qa4+ Bd7 6. Qxc4 Bc6 7. Nf3 Bd5 8. Qd3 Be4 9. Qc4 Bd5 10. Qd3 c5 11. Nc3 Nc6 12. dxc5 Bxc5 13. O-O O-O 14. Bg5 Bxf3 15. Qxd8 Raxd8 16. Bxf3 Bd4 17. Bxc6 bxc6 18. e3 Bxc3 19. bxc3 Rd3 20. Bxf6 gxf6 21. c4 Rfd8 22. Rab1 Ra3 23. Rfd1 Rxd1+ 24. Rxd1 Rxa2 25. Rd8+ Kg7 26. Rc8 Ra6 27. Rc7 h5 28. h3 f5 29. Kg2 Kf6 30. Kf3 e5 31. g4 hxg4+ 32. hxg4 fxg4+ 33. Kxg4 Ke6 34. e4 Kd6 35. Rxf7 Kc5 36. Kf5 Kxc4 37. Kxe5 c5 38. f4 Ra4 39. f5 Kd3 40. f6 Rxe4+ 41. Kd5 c4 42. Rxa7 Rf4 43. Ke5 Rf1 44. Rd7+ Ke3 45. Rc7 Kd3 46. f7 c3 47. Ke6 c2 48. Rxc2 Kxc2 49. Ke7 Rxf7+ 50. Kxf7 1/2-1/2


[Site "https://www.chess.com"]

[Event "Titled Tuesday Blitz July 26 Late 2022"]
[White "Drygalov, Andrey"]
[Black "Yedidia, Daniel"]
[WhiteFideId "24171735"]
[BlackFideId "30905907"]
[WhiteElo "2531"]
[BlackElo "2542"]
[Result "1-0"]
[Round "02"]
[TimeControl "180+1"]
[Date "2022.07.26"]
[WhiteClock "0:00:11"]
[BlackClock "0:00:01"]

1. e4 e5 2. Nf3 Nc6 3. Bc4 Nf6 4. d3 Be7 5. O-O O-O 6. c3 d6 7. Re1 Na5 8. Bb5 a6 9. Ba4 b5 10. Bc2 c5 11. Nbd2 Nc6 12. Nf1 Qc7 13. Ng3 Re8 14. h3 Be6 15. d4 cxd4 16. cxd4 exd4 17. Bf4 Nd7 18. Rc1 Qb6 19. Nf5 Bxf5 20. exf5 Nde5 21. Be4 Rac8 22. a3 Bf6 23. Bd5 Nxf3+ 24. Qxf3 Ne5 25. Qb3 Qa7 26. Bd2 Qd7 27. g4 h6 28. Bb4 Bg5 29. Rcd1 d3 30. Bc3 Nc4 31. Rxe8+ Rxe8 32. Bxc4 bxc4 33. Qxc4 d2 34. Qd4 f6 35. f4 Bh4 36. Rxd2 Qb5 37. Qd5+ Qxd5 38. Rxd5 Re2 39. Rxd6 Bg3 40. Rd8+ Kh7 41. Rd7 Kg8 42. Ra7 Bxf4 43. Ra8+ Kh7 44. Rxa6 Rh2 45. Ra4 Bd6 46. Rd4 Bg3 47. Rd3 Rxh3 48. Kg2 1-0


[Site "https://www.chess.com"]

[Event "Titled Tuesday Blitz July 26 Late 2022"]
[White "Ernst, Sipke"]
[Black "Leve, Nitai"]
[WhiteFideId "1004689"]
[BlackFideId "2006898"]
[WhiteElo "2436"]
[BlackElo "2144"]
[Result "1-0"]
[Round "02"]
[TimeControl "180+1"]
[Date "2022.07.27"]
[WhiteClock "0:00:44"]
[BlackClock "0:00:03"]

1. d4 d5 2. c4 c6 3. cxd5 cxd5 4. Bf4 Nc6 5. e3 Nf6 6. Bb5 Bf5 7. Nf3 a6 8. Bxc6+ bxc6 9. Qa4 Qb6 10. Ne5 Rc8 11. O-O Nd7 12. Nd2 Nxe5 13. Bxe5 f6 14. Bg3 e6 15. Rfc1 Be7 16. Nb3 O-O 17. Qa5 Qb7 18. Rc3 Bb4 19. Qa4 Bxc3 20. bxc3 Bc2 21. Qa3 Bxb3 22. axb3 Ra8 23. Bd6 Rf7 24. Bc5 Qb5 25. Qa2 Rb7 26. b4 a5 27. h3 a4 28. Qb2 Qd3 29. Ra3 e5 30. Kh2 e4 31. Qa2 Qb5 32. Bd6 h5 33. h4 Kh7 34. Bf4 g5 35. hxg5 fxg5 36. Be5 Rf7 37. Kg1 Kg6 38. Qc2 Raf8 39. f4 gxf4 40. exf4 Ra8 41. Qf2 Qd3 42. Qh4 Rf5 43. Qe7 Rg8 44. Qe6+ Kh7 45. Qxf5+ Rg6 46. Qxh5+ Rh6 47. Qf7# 1-0


[Site "https://www.chess.com"]